Map: Blood Boil LE

Players

Zest - Winner!

  • Race: Protoss Protoss
  • League: Master
  • Spawn Location: 11:00

ByuN

  • Race: Terran Terran
  • Spawn Location: 5:00

Event: HomeStory Cup XV

VOD

Have the link to the VOD?

Description

Time

  • Played on: July 23, 2017, 5:11 p.m.
  • Length: 12:43

All games in this series

Show
View Real Time Build Order
Export as new Build Order

Zest Protoss - Winner!

Build Orders: 1 Gate Expand, Dark Templar Rush 

Get SALT Encoding   

  12  0:00  Probe (Chrono Boost), Unknown  
  13  0:11  Probe (Chrono Boost)  
  14  0:18  Pylon  
  14  0:22  Probe (Chrono Boost)  
  15  0:36  Probe (Chrono Boost)  
  15  0:38  Gateway  
  16  0:46  Probe (Chrono Boost)  
  16  0:48  Assimilator  
  18  0:57  Probe (Chrono Boost)  
  18  1:07  Probe (Chrono Boost)  
  19  1:23  Nexus  
  19  1:33  Cybernetics Core  
  19  1:36  Probe (Chrono Boost)  
  20  1:41  Assimilator  
  20  1:46  Probe (Chrono Boost)  
  21  1:53  Pylon  
  21  1:57  Probe (Chrono Boost)  
  22  2:07  Probe (Chrono Boost)  
  23  2:11  Warp Gate, Adept (Chrono Boost)  
  25  2:21  Twilight Council  
  25  2:24  Probe  
  26  2:36  Probe  
  26  2:37  Probe  
  27  2:48  Robotics Facility  
  27  2:49  Probe (Chrono Boost)  
  27  2:50  Probe (Chrono Boost)  
  29  3:01  Probe (Chrono Boost)  
  29  3:02  Probe (Chrono Boost)  
  31  3:11  Probe (Chrono Boost)  
  32  3:13  Probe (Chrono Boost)  
  32  3:16  Dark Shrine  
  33  3:22  Probe (Chrono Boost)  
  35  3:33  Warp Prism (Chrono Boost)  
  34  3:35  Gateway  
  34  3:38  Gateway  
  34  3:40  Probe x2  
  37  3:46  Assimilator  
  38  3:54  Pylon  
  38  3:55  Mothership Core (Chrono Boost)  
  40  3:57  Probe (Chrono Boost)  
  40  4:02  Pylon  
  41  4:08  Probe (Chrono Boost)  
  42  4:14  Probe (Chrono Boost)  
  43  4:18  Probe (Chrono Boost)  
  43  4:21  Pylon  
  44  4:25  Probe (Chrono Boost)  
  44  4:29  Probe (Chrono Boost)  
  46  4:31  Dark Templar  
  46  4:32  Dark Templar  
  46  4:33  Dark Templar  
  46  4:36  Probe (Chrono Boost)  
  53  4:40  Probe (Chrono Boost), Pylon  
  53  4:42  Observer  
  55  4:47  Probe (Chrono Boost)  
  55  4:50  Probe (Chrono Boost)  
  57  5:12  Probe (Chrono Boost)  
  58  5:15  Probe (Chrono Boost), Nexus  
  58  5:16  Pylon  
  58  5:19  Pylon  
  59  5:22  Blink (Chrono Boost)  
  59  5:23  Probe (Chrono Boost)  
  59  5:25  Forge  
  59  5:28  Forge  
  60  5:39  Pylon  
  60  5:42  Immortal  
  62  5:46  Probe  
  62  5:47  Probe  
  60  5:57  Gateway  
  60  5:58  Gateway  
  60  6:00  Gateway x2  
  60  6:02  Gateway  
  60  6:03  Protoss Ground Armor Level 1 (Chrono Boost)  
  60  6:05  Protoss Ground Weapons Level 1 (Chrono Boost)  
  60  6:07  Sentry x2  
  64  6:21  Stalker  
  64  6:23  Immortal  
  68  6:37  Pylon  
  68  6:39  Zealot x2  
  72  6:40  Probe  
  72  6:42  Probe x2  
  75  6:52  Pylon  
  75  6:57  Stalker x2  
  75  6:58  Stalker x4  
  87  7:03  Pylon  
  87  7:04  Zealot, Probe  
  87  7:05  Charge, Probe  
  87  7:06  Probe  
  92  7:14  Probe  
  92  7:17  Probe  
  92  7:18  Probe  
  92  7:19  Warp Prism  
  97  7:25  Probe  
  97  7:29  Probe  
  99  7:30  Probe  
  100  7:40  Assimilator  
  101  7:44  Probe x3  
  101  7:48  Sentry  
  101  7:50  Nexus  
  105  7:52  Protoss Ground Weapons Level 2 (Chrono Boost), Pylon  
  105  7:57  Pylon  
  105  7:58  Pylon  
  105  8:00  Zealot x2  
  105  8:01  Protoss Ground Armor Level 2 (Chrono Boost)  
  105  8:04  Zealot  
  105  8:05  Zealot  
  113  8:16  Zealot x4  
  121  8:35  Dark Templar x2  
  121  8:36  Zealot x6  
  121  8:39  Pylon  
  121  8:40  Pylon  
  137  8:42  Assimilator  
  137  8:55  Archon  
  137  8:58  Zealot x4  
  137  8:59  Zealot x2  
  137  9:01  Pylon  
  137  9:02  Pylon  
  149  9:03  Pylon  
  147  9:20  Zealot x6  
  147  9:21  Zealot  
  147  9:23  Cybernetics Core  
  161  9:42  Zealot x7  
  160  9:49  Protoss Shields Level 1 (Chrono Boost)  
  160  9:59  Observer (Chrono Boost)  
  159  10:07  Cybernetics Core  
  159  10:09  Pylon  
  159  10:15  Twilight Council  
  159  10:16  Stalker x4  
  159  10:17  Stalker x3  
  159  10:18  Nexus  
  173  10:30  Immortal (Chrono Boost)  
  173  10:33  Robotics Facility  
  173  10:35  Pylon  
  177  10:36  Robotics Bay  
  177  10:45  Gateway x2  
  177  10:48  Gateway  
  177  11:00  Zealot x2  
  177  11:01  Zealot x4  
  177  11:02  Zealot  
  171  11:31  Colossus (Chrono Boost)  
  171  11:38  Colossus (Chrono Boost)  
Show
View Real Time Build Order
Export as new Build Order

ByuN Terran 

Build Orders: Reaper Expand, MMM Bio 

Get SALT Encoding   

  12  0:00  Unknown, SCV  
  13  0:12  SCV  
  14  0:17  Supply Depot  
  14  0:24  SCV  
  15  0:39  SCV  
  15  0:40  Barracks  
  16  0:44  Refinery  
  16  0:51  SCV  
  17  1:03  SCV  
  18  1:15  SCV  
  19  1:27  Orbital Command  
  19  1:28  Reaper  
  20  1:44  Command Center  
  20  1:53  SCV  
  21  1:56  Supply Depot  
  21  2:00  Marine  
  22  2:07  Factory  
  22  2:09  SCV  
  22  2:15  Refinery  
  23  2:20  Barracks Reactor  
  23  2:23  SCV  
  24  2:35  SCV  
  24  2:48  SCV  
  25  2:52  Starport  
  25  2:53  Widow Mine  
  25  2:56  Orbital Command, Marine x2  
  29  3:01  SCV  
  30  3:11  Barracks  
  30  3:13  SCV  
  30  3:14  Marine  
  32  3:22  Widow Mine  
  32  3:24  SCV  
  32  3:26  SCV  
  36  3:29  Viking  
  36  3:34  Marine x2  
  38  3:38  SCV x2  
  42  3:43  Supply Depot  
  42  3:50  SCV x2  
  42  3:51  Factory Tech Lab  
  42  3:55  Marine x2  
  46  3:58  Barracks Tech Lab  
  46  4:05  SCV x2, Engineering Bay  
  48  4:11  Supply Depot  
  48  4:14  Starport Reactor  
  48  4:15  Siege Tank  
  51  4:18  Stimpack  
  51  4:19  SCV  
  51  4:20  SCV  
  54  4:25  Marine  
  54  4:32  Marine x2  
  54  4:33  SCV x2, Supply Depot  
  54  4:36  Terran Infantry Weapons Level 1  
  58  4:41  Refinery  
  58  4:43  Barracks  
  58  4:50  Missile Turret  
  58  4:52  Missile Turret  
  53  4:53  Marine x2  
  53  4:54  Marine  
  51  5:03  Missile Turret  
  45  5:10  Marine  
  45  5:12  Marine  
  45  5:13  Marine  
  48  5:15  SCV  
  48  5:16  SCV  
  50  5:23  Supply Depot  
  50  5:28  SCV  
  51  5:30  Marine x2  
  51  5:34  SCV, Raven  
  55  5:40  SCV  
  55  5:46  SCV  
  55  5:49  Marine x4  
  59  5:52  SCV  
  60  5:58  SCV  
  60  6:00  Supply Depot  
  61  6:07  Barracks Reactor  
  61  6:11  Factory Reactor  
  61  6:21  SCV  
  61  6:22  Supply Depot  
  61  6:24  Marine x2, SCV, Supply Depot  
  65  6:26  Marine  
  66  6:33  SCV  
  66  6:35  Starport Reactor  
  66  6:37  SCV  
  68  6:40  Combat Shields  
  68  6:42  Terran Infantry Armor Level 1, Marine  
  68  6:44  Marine  
  68  6:45  SCV, Supply Depot  
  68  6:46  Marine x2  
  74  6:47  Widow Mine  
  74  6:49  SCV  
  74  6:51  Widow Mine  
  79  6:59  Supply Depot  
  79  7:00  Marauder, Marine  
  81  7:02  Marine  
  81  7:04  Marine  
  81  7:06  Marine  
  84  7:13  Medivac  
  84  7:15  Medivac  
  88  7:16  Widow Mine  
  88  7:18  Marine  
  88  7:20  Widow Mine  
  95  7:23  Marauder, Marine x2  
  95  7:24  Marine  
  96  7:35  Marine  
  96  7:36  Supply Depot  
  97  7:40  Liberator, Supply Depot  
  97  7:41  Marine x2  
  97  7:42  SCV x2, Marine  
  102  7:44  Liberator  
  102  7:57  Marine  
  102  7:58  Marauder, Supply Depot  
  108  8:03  Supply Depot  
  108  8:05  Marine x3  
  114  8:14  Widow Mine x2  
  118  8:20  Marauder, Marine  
  118  8:22  Marine  
  118  8:23  Marine  
  123  8:33  Marine  
  123  8:37  Liberator, Marine  
  123  8:39  Liberator  
  123  8:40  Marine x2  
  126  8:42  Marauder  
  125  8:49  Command Center  
  125  8:50  Widow Mine x2  
  125  8:51  Marine  
  136  9:07  Marauder, Marine x3  
  136  9:09  Marine  
  140  9:15  Supply Depot  
  140  9:16  Barracks x2  
  140  9:22  Widow Mine  
  140  9:23  Widow Mine  
  141  9:31  Marine  
  141  9:35  Supply Depot  
  141  9:36  Marine x3  
  141  9:37  Marauder  
  135  9:49  Marine  
  123  9:54  Marine x3, Armory  
  123  9:56  SCV, Engineering Bay  
  123  9:57  SCV  
  123  9:58  Marauder  
  130  10:01  Orbital Command  
  130  10:05  Barracks Tech Lab  
  130  10:07  Marine  
  130  10:08  SCV  
  130  10:13  Marine x2  
  130  10:14  Marine  
  134  10:17  SCV  
  134  10:20  Marauder, SCV  
  139  10:23  Medivac  
  139  10:25  Medivac, Missile Turret  
  143  10:29  SCV  
  143  10:30  SCV  
  143  10:32  SCV  
  142  10:38  Marauder x2  
  142  10:40  Marine x2  
  142  10:41  Marauder  
  142  10:42  Marine x2  
  149  10:57  Marine  
  149  11:01  Concussive Shells  
  149  11:03  Marauder x3  
  149  11:04  Marine x2  
  155  11:18  Marine x2  
  128  11:21  Marine  
  128  11:25  Marauder x2  
  90  11:26  Marine x2  
  80  11:36  Marine  
Tags
 
Add a new tag
Caveats
  • Supply blocks, unpowered buildings, or Contaminate may cause inaccurate times.
  • Supply counts are checked every 10 seconds.